Cogmind - Beta 11 @@@ ROGUE MODE // 2022.03.31 @ 07:34:25 Player: Happytimes Result: Self-destructed Performance ------------- Evolutions (2) 1000 Regions Visited (6) 1200 Robots Destroyed (10) 50 Value Destroyed (172) 172 Prototype IDs (5) 100 Alien Tech Used (0) 0 Bonus (602) 602 TOTAL SCORE: 3124 Bonus ------- Follower Combat Kills 102 Entered Garrisons 200 Aligned with FarCom 300 Cogmind --------- Core Integrity 550/550 Matter 260/300 Energy 150/150 System Corruption 0% Temperature Cool (0) Movement Rolling (115) Ox1 Location -8/Garrison Parts ------- > --- POWER (1) -------- Light Angular Momentum Engine > --- PROPULSION (4) --- Carbon-fiber Leg Compact Wheel Aerolev Unit > --- UTILITY (4) ------ Small Storage Unit Supersonic Drone Bay (1/1) > --- WEAPON (2) ------- Enhanced Autogun Heavy Battle Rifle > --- INVENTORY (8) ---- Small Storage Unit Sensor Array Recalibrator Light Assault Rifle Mining Laser Spear Spear Shock Trap Peak State ------------ > --- POWER ------------ Light Angular Momentum Engine > --- PROPULSION ------- Carbon-fiber Leg Compact Wheel Aerolev Unit > --- UTILITY ---------- Small Storage Unit Supersonic Drone Bay > --- WEAPON ----------- Spear Spear > --- INVENTORY -------- Small Storage Unit Sensor Array Recalibrator Light Assault Rifle Heavy Battle Rifle Mining Laser Shock Trap Shock Trap [Rating: 31] Favorites ----------- Power Ion Engine Engine Ion Engine Power Core Light Nuclear Core Propulsion Wheel Leg Carbon-fiber Leg Wheel Wheel Hover Unit Hover Unit Utility Small Storage Unit Device Sensor Array Storage Small Storage Unit Weapon Light Assault Rifle Energy Cannon YOLO Cannon Ballistic Gun Light Assault Rifle Special Weapon Mining Laser Piercing Weapon Spear Build | -11 -10 -10 -10 -9 -8 -8 ------- Run | Scr Mat Min Exi Min Mat Gar Slots Evolved 4 | . . . . . 4 . Power . | . . . . . . . Propulsion 2 | . . . . . 2 . Utility 2 | . . . . . 2 . Weapon . | . . . . . . . Parts Attached 34 | 6 1 9 6 6 4 2 Power 3 | 1 . . . 2 . . Engine 2 | 1 . . . 1 . . Core 1 | . . . . 1 . . Reactor . | . . . . . . . Propulsion 10 | 2 . 4 . 2 2 . Treads . | . . . . . . . Leg 2 | . . 1 . 1 . . Wheel 6 | 2 . 3 . . 1 . Hover 2 | . . . . 1 1 . Flight . | . . . . . . . Utility 5 | 1 1 1 2 . . . Device 4 | . 1 1 2 . . . Storage 1 | 1 . . . . . . Processor . | . . . . . . . Hackware . | . . . . . . . Protection . | . . . . . . . Artifact . | . . . . . . . Weapon 16 | 2 . 4 4 2 2 2 Energy Gun . | . . . . . . . Energy Cannon 1 | . . . 1 . . . Ballistic Gun 9 | 2 . 2 2 1 . 2 Ballistic Cannon . | . . . . . . . Launcher . | . . . . . . . Special Weapon 4 | . . 2 1 1 . . Impact Weapon . | . . . . . . . Slashing Weapon . | . . . . . . . Piercing Weapon 2 | . . . . . 2 . Special Melee Weapon . | . . . . . . . Unidentified Prototypes 5 | . . . 3 . 1 1 Parts Lost 5 | . . 1 . 4 . . Power . | . . . . . . . Propulsion 4 | . . 1 . 3 . . Utility . | . . . . . . . Weapon 1 | . . . . 1 . . Highest Loss Streak 3 | . . 1 . 3 . . To Critical Strikes . | . . . . . . . Average Slot Usage (%) 92 | . 85 98 97 93 55 72 Engine 11 | . 14 14 14 1 9 9 Core 2 | . . . . 12 . . Leg 1 | . . 1 . . 9 9 Wheel 21 | . 28 25 28 12 2 9 Hover 2 | . . . . 11 1 9 Device 12 | . . 14 13 14 9 9 Storage 13 | . 14 14 14 14 9 9 Ballistic Gun 22 | . 28 27 19 17 1 7 Special Weapon 2 | . . . 6 8 . . Piercing Weapon 1 | . . . . . 14 10 Naked Turns . | . . . . . . . Heaviest Build 22 | 12 13 16 16 19 19 22 Greatest Support 26 | 20 20 26 26 26 16 16 Greatest Overweight (x) 6 | . . 1 . 6 2 1 Average Overweight (x) . | . . . . 1 1 1 Largest Inventory Capacity 8 | 8 8 8 8 8 8 8 Average Capacity 7 | 6 8 8 8 8 8 8 Most Carried 8 | 5 4 8 8 8 8 8 Average Carried 6 | 1 . 6 8 7 7 8 Final Capacity 8 | 8 8 8 8 8 8 8 Final Carried 8 | . 3 8 8 8 8 8 Class Distribution -------------------- 100% | Mutant Dominant Class ---------------- Mutant | -10/Materials Mutant | -10/Mines Mutant | -10/Exiles Mutant | -9/Mines Mutant | -8/Materials Mutant | -8/Garrison Resources | -11 -10 -10 -10 -9 -8 -8 ----------- Run | Scr Mat Min Exi Min Mat Gar Matter Collected 580 | 219 18 146 . 177 20 . Remotely . | . . . . . . . Salvage Created 408 | . 107 33 . 189 79 . Parts 22 | . 6 . . 13 3 . Haulers Intercepted . | . . . . . . . Recyclers Shooed . | . . . . . . . Parts Field Recycled . | . . . . . . . Retrieved Matter . | . . . . . . . Parts Self-Destructed . | . . . . . . . Prevented . | . . . . . . . Kills | -11 -10 -10 -10 -9 -8 -8 ------- Run | Scr Mat Min Exi Min Mat Gar Combat Hostiles Destroyed 9 | . . 2 . 7 . . Guns 9 | . . 2 . 7 . . Classes Destroyed 6 | . 2 2 . 2 . . Recycler 2 | . 1 . . . 1 . Watcher 1 | . 1 . . . . . Swarmer 4 | . . 1 . 3 . . Grunt 2 | . . . . 2 . . Brawler 1 | . . . . 1 . . Assembled 2 | . . 1 . 1 . . Best Kill Streak 3 | . 2 1 . 3 1 . Combat Bots Only 3 | . . 1 . 3 . . Max Kills in Single Turn 1 | . 1 1 . 1 1 . Gunslinging . | . . . . . . . Exploded . | . . . . . . . Melee . | . . . . . . . Uniques/NPCs Destroyed . | . . . . . . . Combat | -11 -10 -10 -10 -9 -8 -8 -------- Run | Scr Mat Min Exi Min Mat Gar Damage Taken 581 | . . 190 . 391 . . Core 57 | . . 41 . 16 . . Absorbed by Shields . | . . . . . . . Core Remaining (%) 88 | 100 . . . 77 . . Volleys Fired 54 | . 7 21 . 26 . . Largest 2 | . 2 2 . 2 . . Hottest 120 | . 40 100 . 120 . . Shots Fired 88 | . 14 33 . 41 . . Gun 71 | . 14 25 . 32 . . Cannon . | . . . . . . . Launcher . | . . . . . . . Special 17 | . . 8 . 9 . . Kinetic 71 | . 14 25 . 32 . . Thermal 17 | . . 8 . 9 . . Explosive . | . . . . . . . Electromagnetic . | . . . . . . . Robot Hit Streak 7 | . 5 7 . 3 . . Robot Miss Streak 3 | . 2 3 . 2 . . Penetration Max . | . . . . . . . Secondary Targets 1 | . . . . 1 . . Max Gunslinging Chain 1 | . . . . 1 . . Shots Hit Robots 42 | . 8 14 . 19 1 . Core Hits 26 | . 4 10 . 11 1 . Critical Kills . | . . . . . . . Critical Parts Destroyed . | . . . . . . . Critical Strikes . | . . . . . . . Melee Attacks 2 | . . . . . 2 . Impact . | . . . . . . . Slashing . | . . . . . . . Piercing 2 | . . . . . 2 . Sneak Attacks 1 | . . . . . 1 . Combat Hostiles . | . . . . . . . Follow-up Attacks . | . . . . . . . Damage Inflicted 550 | . 67 118 . 316 49 . Guns 486 | . 67 118 . 301 . . Cannons . | . . . . . . . Explosions . | . . . . . . . Melee 49 | . . . . . 49 . Ramming 15 | . . . . 15 . . Kinetic 486 | . 67 118 . 301 . . Thermal . | . . . . . . . Explosive . | . . . . . . . Electromagnetic . | . . . . . . . Impact . | . . . . . . . Slashing . | . . . . . . . Piercing 49 | . . . . . 49 . Highest Corruption . | . . . . . . . Average Corruption . | . . . . . . . Corruption Purged . | . . . . . . . Corruption Blocked . | . . . . . . . Overload Shots . | . . . . . . . Overflow Damage . | . . . . . . . Projectiles . | . . . . . . . Explosions . | . . . . . . . Melee . | . . . . . . . Knockbacks . | . . . . . . . Impact . | . . . . . . . Kinetic . | . . . . . . . Secondary . | . . . . . . . Self-Inflicted Damage 7 | . . . . 7 . . Shots . | . . . . . . . Rammed 1 | . . . . 1 . . Targets Rammed 1 | . . . . 1 . . Kicked . | . . . . . . . Crushed . | . . . . . . . Highest Temperature 84 | . . 60 . 84 . . Average Temperature 28 | . . 29 . 28 . . Received Heat Transfer 109 | . . 40 . 69 . . Siege Activations . | . . . . . . . Robots Corrupted . | . . . . . . . Combat Hostiles . | . . . . . . . Parts Fried . | . . . . . . . Impact Corruptions . | . . . . . . . Robots Melted . | . . . . . . . Combat Hostiles . | . . . . . . . Parts Melted . | . . . . . . . Heat Transferred . | . . . . . . . Parts Sabotaged . | . . . . . . . Parts Stolen . | . . . . . . . Parts Stripped . | . . . . . . . Power Chain Reactions . | . . . . . . . Missiles Intercepted . | . . . . . . . Alert | -11 -10 -10 -10 -9 -8 -8 ------- Run | Scr Mat Min Exi Min Mat Gar Peak Influence 230 | . 34 230 . 150 83 40 Initial 58 | . . 13 . . 58 40 Average 71 | . 14 79 . 83 60 40 Maximum Alert Level 1 | . . 1 . . . . Low Security (%) 90 | 100 100 84 . 100 100 100 Level 1 9 | . . 15 . . . . Level 2 . | . . . . . . . Level 3 . | . . . . . . . Level 4 . | . . . . . . . Level 5 . | . . . . . . . High Security . | . . . . . . . Max Security . | . . . . . . . Squads Dispatched . | . . . . . . . Investigation . | . . . . . . . Extermination . | . . . . . . . Reinforcement . | . . . . . . . Assault . | . . . . . . . Garrison . | . . . . . . . Intercept . | . . . . . . . Searches Triggered . | . . . . . . . Construction Impeded . | . . . . . . . Haulers Reinforced . | . . . . . . . Active Scanning Responses . | . . . . . . . Cargo Convoy Interrupts . | . . . . . . . Stealth | -11 -10 -10 -10 -9 -8 -8 --------- Run | Scr Mat Min Exi Min Mat Gar Distress Signals 2 | . . 1 . . 1 . Communications Jammed . | . . . . . . . Distress Signals . | . . . . . . . Times Spotted 23 | . 1 12 . 8 2 . Peak Tracking Total 4 | . 1 3 . 4 2 . Tactical Retreats 1 | . . . . 1 . . Traps | -11 -10 -10 -10 -9 -8 -8 ------- Run | Scr Mat Min Exi Min Mat Gar Traps Triggered . | . . . . . . . Indirectly . | . . . . . . . Trap Hack Attempts . | . . . . . . . Triggered . | . . . . . . . Disarmed . | . . . . . . . Reprogrammed . | . . . . . . . Reused . | . . . . . . . Traps Extracted . | . . . . . . . Installed . | . . . . . . . Triggered 1 | . . 1 . . . . Most Traps Carried 5 | . . 5 4 4 4 1 Machines | -11 -10 -10 -10 -9 -8 -8 ---------- Run | Scr Mat Min Exi Min Mat Gar Machines Disabled . | . . . . . . . Max in Single Turn . | . . . . . . . Machines Sabotaged . | . . . . . . . Garrisons Compromised . | . . . . . . . Overloaded Fab Kills . | . . . . . . . Hacking | -11 -10 -10 -10 -9 -8 -8 --------- Run | Scr Mat Min Exi Min Mat Gar Machines Accessed 2 | . 1 . . . 1 . Terminals 1 | . 1 . . . . . Fabricators . | . . . . . . . Repair Stations . | . . . . . . . Recycling Units . | . . . . . . . Scanalyzers . | . . . . . . . Garrison Access 1 | . . . . . 1 . Total Hacks 5 | . 4 . . . 1 . Successful 3 | . 2 . . . 1 . Failed 2 | . 2 . . . . . Catastrophic . | . . . . . . . Database Lockouts . | . . . . . . . Manual 1 | . . . 1 . . . Terminals 4 | . 4 . . . . . Fabricators . | . . . . . . . Repair Stations . | . . . . . . . Recycling Units . | . . . . . . . Scanalyzers . | . . . . . . . Garrison Access 1 | . . . . . 1 . Terminal Hacks 2 | . 2 . . . . . Surveillance Status 1 | . 1 . . . . . Hauler Manifests 1 | . 1 . . . . . Fabricator Hacks . | . . . . . . . Repair Station Hacks . | . . . . . . . Recycling Unit Hacks . | . . . . . . . Scanalyzer . | . . . . . . . Garrison Access Hacks 1 | . . . . . 1 . Unlock Access 1 | . . . . . 1 . Unauthorized Hacks . | . . . . . . . Terminals . | . . . . . . . Fabricators . | . . . . . . . Repair Stations . | . . . . . . . Recycling Units . | . . . . . . . Scanalyzers . | . . . . . . . Garrison Access . | . . . . . . . Data Cores Recovered . | . . . . . . . Used . | . . . . . . . Hacking Detections 1 | . 1 . . . . . Full Trace Events . | . . . . . . . Feedback Events . | . . . . . . . Feedback Blocked . | . . . . . . . Robot Schematics Acquired . | . . . . . . . Robots Built . | . . . . . . . Authchips . | . . . . . . . Time . | . . . . . . . Total Robot Build Rating . | . . . . . . . Part Schematics Acquired . | . . . . . . . Parts Built . | . . . . . . . Authchips . | . . . . . . . Time . | . . . . . . . Total Part Build Rating . | . . . . . . . Parts Repaired . | . . . . . . . Time . | . . . . . . . Parts Recycled . | . . . . . . . Recycled Matter . | . . . . . . . Retrieved Matter . | . . . . . . . Retrieved Components . | . . . . . . . Parts Scanalyzed . | . . . . . . . Part Schematics Acquired . | . . . . . . . Parts Damaged . | . . . . . . . Bothacking | -11 -10 -10 -10 -9 -8 -8 ------------ Run | Scr Mat Min Exi Min Mat Gar Used RIF Installer . | . . . . . . . Robots Hacked . | . . . . . . . Non-combat . | . . . . . . . Combat . | . . . . . . . Robot Hacks Applied . | . . . . . . . Relay Couplers Released . | . . . . . . . Fabnet Peak Effective % . | . . . . . . . Robots Rewired . | . . . . . . . Allies Hacked . | . . . . . . . Hacks Repelled . | . . . . . . . Allies | -11 -10 -10 -10 -9 -8 -8 -------- Run | Scr Mat Min Exi Min Mat Gar Total Allies 3 | . . 3 . . . . Largest Group 3 | . . 3 3 3 1 . Highest-Rated Group 40 | . . 40 40 40 16 . Highest-Rated Ally 16 | . . 16 16 16 16 . Total Orders 3 | . . . . . 2 1 EXPLORE 2 | . . . . . 1 1 RETURN 1 | . . . . . 1 . Ally Attacks 58 | . . 38 . 18 2 . Total Damage 459 | . . 309 . 132 18 . Kills 14 | . . 12 . 1 1 . Allies Corrupted . | . . . . . . . Allies Melted . | . . . . . . . Intel | -11 -10 -10 -10 -9 -8 -8 ------- Run | Scr Mat Min Exi Min Mat Gar Robot Analysis Total . | . . . . . . . Derelict Logs Recovered 2 | . . 1 . 1 . . Drone Launches 2 | . . . . . 1 1 Drone Recoveries 2 | . . . . . 1 1 Exploration | -11 -10 -10 -10 -9 -8 -8 ------------- Run | Scr Mat Min Exi Min Mat Gar Turns Passed 2178 | 41 107 1174 249 360 197 50 Spaces Moved 1843 | 43 96 1079 237 254 105 29 Core 20 | 14 . . . 6 . . Treads . | . . . . . . . Legs 74 | . . . . 11 63 . Wheels 1746 | 29 96 1079 237 237 39 29 Hover 3 | . . . . . 3 . Flight . | . . . . . . . Fastest Speed 50 | 50 80 80 90 90 115 115 Average Speed 94 | 70 80 89 90 103 162 115 Slowest Speed 350 | 80 80 95 90 350 190 115 Overloaded Moves . | . . . . . . . Propulsion Burnouts . | . . . . . . . Robots Hopped . | . . . . . . . Cave-ins Triggered . | . . . . . . . Exploration Rate (%) 44 | 3 28 97 61 44 41 34 Regions Visited 6 Branch Regions 3 Pre-discovered Areas . | . . . . . . . Known Exits Taken 1 | . . . . . 1 . Unknown Exits Taken 5 | 1 1 1 1 1 . . Scrap Searched 1 | . . 1 . . . . Spaces Dug 7 | . . 7 . . . . Terrain Destroyed 9 | . . 7 . 2 . . Melee . | . . . . . . . Projectile 9 | . . 7 . 2 . . AOE . | . . . . . . . Terrain Rammed . | . . . . . . . Walls Destroyed . | . . . . . . . Machines Disabled . | . . . . . . . Actions | -11 -10 -10 -10 -9 -8 -8 --------- Run | Scr Mat Min Exi Min Mat Gar Total 2153 | 53 114 1244 272 296 130 44 Wait 185 | . 7 120 25 6 14 13 Move 1838 | 42 95 1078 236 253 105 29 Hop . | . . . . . . . Pick Up 22 | 5 4 9 . 2 2 . Fast Attach 13 | 1 . 1 5 2 4 . Attach 9 | 5 1 1 . 2 . . Detach 1 | . . . . . 1 . Swap 12 | . . 7 1 2 . 2 Drop 17 | . . 7 5 2 3 . Fire 54 | . 7 21 . 26 . . Melee 1 | . . . . . 1 . Ram 1 | . . . . 1 . . Kick . | . . . . . . . Crush . | . . . . . . . Escape Stasis . | . . . . . . . Rewire . | . . . . . . . Trap . | . . . . . . . Miscellaneous . | . . . . . . . Route ------- -11/Scrapyard -10/Materials (discovered 2 exits: [*Min x2]) -10/Mines (discovered 3 exits: [*Mat x2] / *Exi) -10/Exiles -9/Mines -8/Materials (discovered 2 exits: [*Fac] / Gar) -8/Garrison History --------- Turn | Location | Event 10 | -11/Scrapyard | Discovered new exit (range 15) 42 | -11/Scrapyard | Entered Materials 73 | -10/Materials | Discovered new exit (range 7) 95 | -10/Materials | Discovered new exit (range 12) 149 | -10/Materials | Entered Mines 239 | -10/Mines | Assembled infested the area 260 | -10/Mines | Assisted by bots powering up and referring to "LRC-V3" 301 | -10/Mines | Build established: Mutant 325 | -10/Mines | Learned Materials terminal intel 391 | -10/Mines | Found a hidden stash of uninstalled traps 657 | -10/Mines | Discovered new exit (range 11) 704 | -10/Mines | Discovered new exit (range 15) 707 | -10/Mines | A weapon hastily lodged in a ceiling crevice suddenly fell to the ground 1308 | -10/Mines | Discovered new exit (range 3) 1323 | -10/Mines | Entered Exiles 1323 | -10/Exiles | Accompanied by 3 allies 1350 | -10/Exiles | Met 8R-AWN 1364 | -10/Exiles | Met EX-HEX 1394 | -10/Exiles | Met EX-BIN 1405 | -10/Exiles | Aligned with FarCom system 1405 | -10/Exiles | Given EX-Vault access code 1430 | -10/Exiles | Opened EX-Vault 1435 | -10/Exiles | Found Prototype Energy Cannon 1435 | -10/Exiles | Identified YOLO Cannon 1440 | -10/Exiles | Found Prototype Device 1440 | -10/Exiles | Identified Trap Reconfigurator 1445 | -10/Exiles | Found Prototype Device 1445 | -10/Exiles | Identified Supersonic Drone Bay 1475 | -10/Exiles | Warned to stay clear of 0b10 Research branches 1506 | -10/Exiles | Met EX-DEC 1539 | -10/Exiles | Discovered new exit (range 10) 1572 | -10/Exiles | Left Exiles lab with Supersonic Drone Bay 1572 | -10/Exiles | Entered Mines 1572 | -9/Mines | Accompanied by 3 allies 1613 | -9/Mines | Met a Derelict bent on vengeance 1624 | -9/Mines | Learned Materials trap positions 1651 | -9/Mines | Excavation squad dispatched 1651 | -9/Mines | A large section of the Mines collapsed 1878 | -9/Mines | Discovered new exit (range 9) 1921 | -9/Mines | Lost 3 parts (2n1w) 1932 | -9/Mines | Entered Materials 1932 | -8/Materials | Accompanied by 1 ally 1932 | -8/Materials | Evolved 4 slots: Propulsion x2, Utility x2 1933 | -8/Materials | Loaded intel: 7 trap records 1934 | -8/Materials | Loaded intel: 12 terminal locations 1937 | -8/Materials | Discovered new exit (range 53) 2129 | -8/Materials | Identified exit to Garrison 2129 | -8/Materials | Entered Garrison 2179 | -8/Garrison | Self-destructed Last Messages --------------- 02120_ K-01 Serf cleans the Garrison Access. 02120_ K-01 Serf cleans the Repair Station. 02120_ K-01 Serf destroyed. 02122_ R-06 Scavenger collects Lgt. Ion Engine. 02123_ Slug penetrates Trooper 1b. 02123_ Trooper 1b destroyed. 02126_ Dropped Shock Trap. 02126_ Acquired Prototype Ballistic Gun. 02126_ K-01 Serf collects debris. 02126_ R-06 Scavenger collects Wheel. 02129_ Connecting with Garrison Access... >>Unlock Access door unlocked. 02129_ EXIT=UNLOCKED: GARRISON LOCATION=GARRISON GOAL=ESCAPE 02129_ Receiving FarCom transmissions... 02130_ Trailblazer released from Supersonic Drone Bay. 02134_ Trailblazer retrieved by Supersonic Drone Bay. 02151_ Identified Enh. Autogun. Map ----- +----------------------------------------------------+ | ?????????????????????????????????????????????????? | | ?????????????????????????????????????????????????? | | ?????????????????????????????????????????????????? | | ?????????????????????????????????????????????????? | | ?????????????????????????????????????????????????? | | ?????????????????????????????????????????????????? | | ?????????????????????????????????????????????????? | | ?????????????????????????????????????????????????? | | ?????????????????????????????????????????????????? | | ?????????????????????????????????????????????????? | | ?????????????????????????????????????????????????? | | ?????????????????????????????????????????????????? | | ?????????????????????????????????????????????????? | | ?????????#####???????????????????????????????????? | | ?????????# #???????????????????????????????????? | | ?????????# #############???????????????????????? | | ?????????# #???????????????????????? | | ?????????# #???????????????????????? | | ?????????############## #???????????????????????? | | ??????????????????????# #???????????????????????? | | ??????????????????????# #???????????????????????? | | ??????????????????????# #???????????????????????? | | ????##????????????????# #???????????????????????? | | ????#"###?????????????# #???????????????????????? | | ????#" #???????####### ###########?????????????? | | ?????" #???????# @ #?????????????? | | ?????? #???????# ##### #?????????????? | | ??????# #???????# #???# ######## #?????????????? | | ??????# ######### #???# #??????# #?????????????? | | ??????# #???# #??????# #?????????????? | | ??????####"""######???# #?sss??s #?????????????? | | ??????????C???????????# #??????# #?????????????? | | ??????????????????????# #??????# #?????????????? | | ??????????????????????# #??????# #???C?????????? | | ??????????????????????# #?????## ##""""######### | | ??????????????????????# ####### | | ??????????????????????# | | ??????????????????????# | | ??????????????????????########## ## ## #### | | ???????????????????????????????# ## #??? #??? | | ???????????????????????????????" ?????? | | ???????????????????????????????" "??? | | ???????????????????????????????" "??? | | ???????????????????????????????" "??? | | ???????????????????????????????# ## ## #??? | | ???????????????????????????????# ## #? #??? | | ?????????????????????????????? ?? ?? | | ????????????????????????????? ? ? | | ????????????????????????????#### ?? #### | | ???????????????????????????????######""""## ?##??? | +----------------------------------------------------+ Best States ------------- Heat Dissipation 31 Energy Generation 18 Energy Capacity 250 Matter Stores 300 Matter Capacity 300 Sight Range 16 Robot Scan Range 14 Terrain Scan Range 16 Terrain Scan Density 10 Evasion (%) 50 Item Schematics ----------------- None Robot Schematics ------------------ None Fabricated ------------ Nothing Alien Tech Used ----------------- None Achievements -------------- None Challenges ------------ None Game ------ Seed NovaAssemblyTriangulator Manual? 0 Play Time 00:13:55 Cumulative 45.9 hours Start 2022.03.31 @ 07:20:57 End 2022.03.31 @ 07:34:25 Sessions 1 Manual Loads 0 Difficulty Rogue Special Mode None Game No. 140 Rogue 140 Adventurer 0 Explorer 0 Win Type - Total 0 Types 0/0/0/0/0/0/0/0/0 Lore% 32 Gallery% 46 Achievement% 37 Wizard Run 0 Options --------- ASCII 0 Keyboard 0 Movement Arrows Keybinds 0 Fullscreen 1 Font 18/SmallcapsGlow Map View 76x50 Tactical HUD 1 Map Filters NONE Filters NONE Steam 1 RUN: 2e4cfab5-2dd4-46b6-9e5d-0035a43effdc